[Event "ChessKid Cup Div-I 2023"]
[Site "Online"]
[Date "2023.05.22"]
[Round "1.1"]
[White "Firouzja, Alireza"]
[Black "Kollars, Dmitrij"]
[Result "1-0"]
[ECO "E01"]
[WhiteElo "2785"]
[BlackElo "2607"]
[Annotator "TA"]
[PlyCount "111"]
[EventDate "2023.05.21"]
[EventType "k.o."]
[EventCountry "NET"]
[SourceTitle "playchess.com"]
[Source "ChessBase"]
[SourceQuality "1"]
[TimeControl "900+3"]

1. d4 Nf6 2. c4 e6 3. g3 d5 4. Bg2 Bb4+ 5. Nd2 O-O (5... dxc4 $2 6. Qa4+ Nc6 7. Bxc6+ bxc6 8. Qxb4 $18) 6. a3 {[%emt 0:01:09] E01: Catalan: Early deviations.} Bxd2+ {[%emt 0:00:23] has lost popularity (6...Be7).} 7. Bxd2 dxc4 8. Nf3 {[%emt 0:00:02] White has an edge.} Nc6 {[%emt 0:00:04] 8...Bd7 injects fresh life into this line.} (8... Bd7 $5 ) 9. e3 Rb8 {[%emt 0:00:43] [#]} 10. a4 $5 $146 {[%emt 0:01:27][%mdl 8] An interesting novelty.} (10. Qc2 $142) ({Predecessor:} 10. O-O b5 11. b3 cxb3 12. Qxb3 Bb7 13. Rfc1 Ne7 14. Bb4 Re8 15. Ne5 Nd7 16. Bxe7 Rxe7 {½-½ Grischuk,A (2750)-Nakamura,H (2786) Moscow FIDE GP 2017 (8)}) 10... a6 11. Qc1 b5 12. b3 {[%emt 0:00:02] [#]} (12. axb5 $11 axb5 13. b3) 12... e5 13. bxc4 (13. Nxe5 Nxe5 14. dxe5 Nd7 15. bxc4 Nxe5 $17) (13. axb5 $11 axb5 14. bxc4 (14. Nxe5 Nxe5 15. dxe5 Nd7 $17)) 13... bxc4 (13... b4 $1 $17 14. Nxe5 Nxe5 15. dxe5 Nd7) 14. Qxc4 $14 Bb7 $1 15. O-O (15. dxe5 $2 Nxe5 16. Nxe5 Bxg2 $19) 15... exd4 16. exd4 Ne4 17. Bf4 Nd6 18. Qc5 (18. Bxd6 {simplifies} cxd6 19. d5 Na5 20. Qd3) 18... Nb4 19. Bg5 f6 20. Bd2 Nd5 {[%emt 0:03:12] [#]} (20... Nd3 $14 21. Qc3 Be4) 21. Ng5 $1 $16 fxg5 22. Bxd5+ Nf7 (22... Kh8 $16 23. Bxb7 Nxb7 24. Qxg5 Qxd4) 23. Be6 $36 {[%emt 0:00:41][%cal Oa1b1][%mdl 2048] White is really pushing. This pair of bishops is nice.} h6 (23... Qd6 $142 24. Qc4 Bc8) 24. Rac1 {[%emt 0:02:22][%cal Od4d5] Threatens to win with d5!} Kh8 25. Rfe1 {[%emt 0:00:15][%cal Od4d5] d5! would be deadly.} (25. Qxc7 $6 Qxd4 26. Bxf7 Qxd2 $11) 25... Qf6 26. d5 (26. Qxc7 $2 Ne5 $19) 26... Ne5 27. Bc3 Nf3+ 28. Kh1 Qg6 29. Re3 (29. Qxc7 $6 Nxe1 30. Rxe1 Ba8 $14) 29... Qh5 $2 (29... g4 $16) 30. h3 {[%emt 0:00:40] Active counter play!} (30. Qxc7 $2 Qxh2#) 30... g4 31. h4 (31. Bxg4 Qxd5 32. Qxc7 Qf7 33. Qxf7 Rxf7 $18) 31... Nxh4 {[%emt 0:00:18] Black is weak on the dark squares} 32. Bxg7+ {[%emt 0:00:02][%mdl 64] Decoy} Kxg7 33. Qd4+ (33. gxh4 Qxh4+ 34. Kg1 Qxf2+ 35. Kh1 Qh4+ 36. Kg1 Qf2+ 37. Kh1 h5 $17) (33. Qxc7+ Kh8 34. Re5 (34. gxh4 Qxh4+ 35. Qh2 Qxh2+ 36. Kxh2 Rbd8 $16) 34... Qg6 $18) 33... Kg6 34. Qe4+ (34. Kg1 $1 $18 {[%cal Oc1c7] White wants to mate with Rxc7!} Nf5 35. Bxf5+ {[%mdl 64] Remove Defender} Qxf5 36. Re5) 34... Nf5+ $11 35. Kg1 Bc8 $1 36. Bxc8 (36. Rc6 $11 {keeps the balance.} Bxe6 37. dxe6) 36... Rbxc8 $17 (36... Rfxc8 $6 37. d6 cxd6 38. Qe6+ Kg5 39. Rxc8 Rxc8 40. Qxc8 Nxe3 41. fxe3 $11) 37. Rc6+ (37. Rc4 $17) 37... Kh7 (37... Kg7 $19 38. Rec3 Kh8 39. Qe5+ Kg8 40. Rxa6 Qf7) 38. Re6 {[%emt 0:00:05] Repels Rfe8} (38. d6 $1 $15) 38... Rf7 39. Re5 $2 (39. Rxa6 Kg8 40. Qe5) 39... Qg6 40. Re6 Qg5 ({Wrong is} 40... Rf6 $2 41. Rxf6 Qxf6 42. Qxg4 $19) 41. Rc3 (41. Rxa6 $142 Rcf8 42. Re6) 41... Rcf8 $19 42. Rcc6 Kh8 {[%emt 0:00:06] Hoping for ...h5.} 43. Qe5+ Qg7 44. Rxh6+ $2 (44. Qxg7+ {was the crucial defense.} Kxg7 45. Rg6+ Kh7 46. Rxg4) 44... Nxh6 45. Rxh6+ Kg8 46. Qe6 {[%emt 0:00:00] [#] aiming for Rg6.} Qxh6 47. Qxh6 $11 Rxf2 $19 {[%emt 0:00:01][%mdl 4096] Endgame KQ-KRR} 48. Qg5+ Kh7 49. Qh5+ (49. Qxg4 $2 {is a self mate.} Rf1+ 50. Kg2 R8f2+ 51. Kh3 Rh1#) 49... Kg7 $1 {[%emt 0:00:03] ( -> ...Rf1+)} 50. Qxg4+ Kh7 (50... Kh6 $1 $11 {remains equal.} 51. Qc4 Kg5) 51. Qe4+ Kg8 (51... Kg7 $16 {keeps fighting.}) 52. Qg6+ $18 Kh8 53. Qxa6 {[%emt 0:00:07] Qc4 is the strong threat.} R2f5 $2 (53... R8f7 54. a5 Kg7) 54. Qc4 {[%emt 0:00:02] Black must now prevent a5.} R8f7 55. a5 Rg5 $2 (55... Rf3 $18 56. Qh4+ Kg8 57. Qg4+ Kh8 58. Qc8+ (58. a6 $2 {gets mated.} Rf1+ 59. Kg2 R7f2+ 60. Kh3 Rh1#) 58... Kh7) 56. Qh4+ {[%emt 0:00:02] A cool game by Firouzja.   Weighted Error Value: White=0.56/Black=0.70} 1-0

[Event "ChessKid Cup Div-I 2023"]
[Site "Online"]
[Date "2023.05.22"]
[Round "1.1"]
[White "Nakamura, Hikaru"]
[Black "Van Foreest, Jorden"]
[Result "0-1"]
[ECO "D02"]
[WhiteElo "2775"]
[BlackElo "2689"]
[Annotator "TA"]
[PlyCount "97"]
[EventDate "2023.05.21"]
[EventType "k.o."]
[EventCountry "NET"]
[SourceTitle "playchess.com"]
[Source "ChessBase"]
[SourceQuality "1"]
[TimeControl "900+3"]

1. Nf3 d5 2. d4 Nf6 3. Bf4 c5 4. e3 e6 5. Nbd2 Qb6 6. Rb1 {[%emt 0:01:04] D02: 1 d4 d5 2 Nf3 sidelines, including 2...Nf6 3 g3 and 2...Nf6 3 Bf4.} cxd4 {[%emt 0:00:03] 6...Bd6 is the modern continuation.} 7. exd4 Bd7 8. Be2 {[%emt 0:00:20] The position is equal.} Bb5 9. O-O Bxe2 10. Qxe2 Nc6 11. c3 Be7 12. Ne1 O-O 13. Nd3 a5 14. a4 {[%emt 0:00:07] [#]} Qa6 $146 ({Predecessor:} 14... Nb8 15. Rfe1 Qa6 16. h3 Nbd7 17. g4 h6 18. Kh1 b5 19. axb5 Qxb5 {½-½ Blittkowsky,R (2152)-Debevec,B (2267) W-ch WS/M/787 email 2020}) 15. Rfe1 Rfe8 16. h3 Nd7 17. Nf1 Nb6 18. Ra1 Nc4 19. b3 (19. Qg4 {is more complex.} Qb6 20. h4 Bd6 21. Ng3) 19... Nb6 20. Ng3 Nd7 21. Red1 g6 22. Be3 Bd6 23. f4 Nf6 24. Bf2 Rac8 25. Rac1 Ne7 26. c4 dxc4 27. bxc4 Nf5 (27... Rxc4 $5 28. Nc5 Rxc1 29. Nxa6 Rxd1+ 30. Qxd1 bxa6 $11) 28. Nf1 (28. Ne5 $11) 28... Rxc4 $17 29. Nc5 {[%emt 0:00:09] [#]} Rxc5 {[%emt 0:00:05][%mdl 64] Discovered Attack} 30. Qxa6 Rxc1 (30... bxa6 31. dxc5 Bxf4 32. Rc4 $14) 31. Qd3 Rec8 (31... Bxf4 $6 32. Rxc1 Bxc1 33. Qb1 $11) ({Black should try} 31... Rxd1 $17 32. Qxd1 Bxf4) 32. g3 $2 (32. Rxc1 $11 Rxc1 33. Qd2) 32... R1c3 {[%emt 0:00:08] White is weak on the light squares} 33. Qb5 h5 34. Qxb7 Nd5 {[%emt 0:00:05][%cal Oh5h4,Bf6d5,Bd5f4,Bf4h3,Bh3f2][%mdl 32] And now ...h4! would win.} 35. Be1 Rc2 36. Bxa5 {[%emt 0:00:29] [#]} h4 $1 37. Be1 (37. g4 Ng3 38. f5 gxf5 39. Bd2) 37... hxg3 $19 38. Nxg3 Nh4 {[%emt 0:00:38] A dynamic duo of knights.} (38... Nxf4 39. Nxf5 gxf5 40. a5 $11) 39. Bf2 Nxf4 40. Ne4 Nf3+ (40... Nxh3+ $2 41. Kf1 Nf5 42. Rd3 Nxf2 43. Nxf2) 41. Kh1 Nxh3 42. Rf1 ({But not} 42. Nxd6 Nxf2+ 43. Kg2 R8c3 44. Qxf7+ Kh8 45. Qf6+ Kh7 46. Qe7+ (46. Qf7+ $2 Kh6 $19) 46... Kh6 $19) (42. Bg1 $2 Nhxg1 $19) ({White should play} 42. Qxc8+ $19 Rxc8 43. Kg2) 42... Kg7 $40 {[%emt 0:02:23][%mdl 128] Black is up to no good. Some like it hot. Black has more active pieces.} (42... R8c3 $17 {[%cal Og8g7] Strongly threatening ...Kg7!} 43. d5 (43. Nxd6 {gets mated.} Nxf2+ 44. Rxf2 Rxf2 45. Qxf7+ Kh8 46. Qe8+ Kh7 47. Qf7+ Kh6 48. Qf8+ Kh5) 43... Nxf2+ 44. Nxf2 exd5 45. Qxd5 Rd2) 43. Nxd6 $4 (43. Kg2 $15 Rb8 44. Qd7) 43... Nxf2+ 44. Kg2 Ne4+ {[%emt 0:00:05][%mdl 64] Discovered Attack} 45. Kxf3 Nxd6 46. Qb1 R8c3+ 47. Kf4 f6 {[%emt 0:00:06] ( -> ...g5+)} 48. Rg1 Rf2+ 49. Kg4 {[%emt 0:00:00] Artfully played by Van Foreest.   Weighted Error Value: White=0.61/Black=0.37} 0-1

[Event "ChessKid Cup Div-I 2023"]
[Site "Online"]
[Date "2023.05.22"]
[Round "1.1"]
[White "Caruana, Fabiano"]
[Black "Shimanov, Aleksandr"]
[Result "1-0"]
[ECO "C11"]
[WhiteElo "2764"]
[BlackElo "2581"]
[Annotator "TA"]
[PlyCount "69"]
[EventDate "2023.05.21"]
[EventType "k.o."]
[EventCountry "NET"]
[SourceTitle "playchess.com"]
[Source "ChessBase"]
[SourceQuality "1"]
[TimeControl "900+3"]

1. e4 e6 2. d4 d5 3. Nc3 a6 4. Nf3 Nf6 5. e5 Nfd7 6. Ne2 {[%emt 0:00:01] C11: French: Classical System: 4 e5 and 4 Bg5 dxe4.} c5 7. c3 Nc6 8. Nf4 (8. g3 $11) 8... cxd4 $15 9. cxd4 {[%emt 0:00:01] [#]} g5 $146 ({Predecessor:} 9... Bb4+ 10. Bd2 Qa5 11. h4 Bxd2+ 12. Qxd2 Qxd2+ 13. Kxd2 Nb6 14. Rc1 Bd7 15. Rh3 Ne7 {½-½ Noritsyn,N (2518)-Harvey,M (2419) PRO League Stage rapid 2020 (4)}) 10. Ne2 $1 g4 11. Nfg1 (11. Nd2 $1 $15) 11... f6 (11... Qb6 $17 12. a3 f6 13. exf6 Nxf6) 12. exf6 Qxf6 13. a3 Nb6 (13... Bg7 $17 {[%cal Oe6e5] ...e5! is the strong threat.} 14. f4 Nxd4 15. Nxd4 Qxd4 16. Qxg4 Qe4+ 17. Be2 O-O) 14. h3 $1 $11 e5 15. dxe5 Qxe5 16. hxg4 Bxg4 {[%emt 0:00:16] Hoping for ...0-0-0.} 17. Nf3 (17. Qb3 {feels hotter.} Nd4 18. Qc3 Nc6 19. Bf4) 17... Bxf3 18. gxf3 {[%emt 0:00:00] Black must now prevent Qb3.} Bc5 (18... Bg7 $14 {was preferrable.}) 19. Bh3 {[%emt 0:01:39] aiming for Bf4.} Nd4 20. Bf4 {[%emt 0:01:30] A strong pair of Bishops.} ({White should try} 20. Kf1 $16) 20... Nxf3+ {[%emt 0:01:39] White stays focused until the end.} 21. Kf1 Qf6 (21... Qxb2 $2 22. Rc1 Qxa3 23. Rc3 $18) (21... Qe4 $1 $11 {and Black has nothing to worry.} 22. b4 Rg8 23. bxc5 Nc4 {[%mdl 64] Decoy}) 22. Rc1 $18 Bd6 (22... Bxf2 $142 23. Kxf2 Ne5) 23. Bxd6 {[%emt 0:00:44][%mdl 64] [#] Deflection} Qxd6 24. Nd4 Nxd4 25. Qxd4 Kf7 26. Rc3 {[%emt 0:00:32] White threatens Rf3+ and mate.} Raf8 27. Bg4 (27. Rf3+ $142 Ke7 28. Re3+ Kd8 29. Re6 Qxe6 30. Bxe6 Nc4 31. Bxd5 h6 32. Bg8+ {[%mdl 64] Discovered Attack} Kc8 33. Qc5+ Kd7 34. Qxf8) 27... Nd7 28. Bxd7 {[%emt 0:00:49][%cal Oc3e3] [#] Re3! would kill now.} Qxd7 29. Qf4+ {[%emt 0:00:24] Black is weak on the dark squares. White mates.} Ke8 30. Qe5+ Kd8 31. Qb8+ Ke7 32. Re3+ Kf6 33. Qe5+ Kf7 34. Qf4+ Kg7 35. Rg3+ {[%emt 0:00:04] An entertaining game by Caruana.   Weighted Error Value: White=0.35/Black=1.03} 1-0

[Event "ChessKid Cup Div-I 2023"]
[Site "Online"]
[Date "2023.05.22"]
[Round "1.1"]
[White "Abdusattorov, Nodirbek"]
[Black "Moussard, Jules"]
[Result "1-0"]
[ECO "B53"]
[WhiteElo "2731"]
[BlackElo "2644"]
[Annotator "TA"]
[PlyCount "75"]
[EventDate "2023.05.21"]
[EventType "k.o."]
[EventCountry "NET"]
[SourceTitle "playchess.com"]
[Source "ChessBase"]
[SourceQuality "1"]
[TimeControl "900+3"]

1. e4 c5 2. Nf3 d6 3. d4 cxd4 4. Qxd4 Nf6 5. Be2 Nc6 6. Qe3 {[%emt 0:00:02] B53: Sicilian: 2...d6: Lines with Qxd4.} g6 7. O-O Bg7 8. h3 {[%emt 0:00:02] White has an edge.} O-O 9. Rd1 Nd7 10. Nc3 b6 11. Qf4 $5 {[%emt 0:01:15][%mdl 4] Exploring less charted territory.} Nde5 12. Nxe5 Bxe5 13. Qh4 {[%emt 0:00:08] [#]} Nd4 $146 ({Predecessor:} 13... Bf6 14. Bg5 Bxg5 15. Qxg5 Be6 16. f4 f6 17. Qg3 Qc8 18. Nd5 Kh8 19. c3 Qb7 {½-½ Ragger,M (2643)-Saatdjian,T (2267) FRA-chT Top 16 GpA 2022 (6.2)}) 14. Bd3 (14. Bc4 {is more complex.} e6 15. Bg5 Qc7 16. Bb3) 14... Bf6 15. Qg3 Bb7 16. Bh6 Re8 17. Nd5 Bxd5 18. exd5 {[%emt 0:00:03] c3 would be deadly.} Qc8 19. Qf4 (19. c3 $5 Nf5 $8 20. Bxf5 Qxf5 21. Qg4 $11) 19... Be5 (19... Nf5 $11 {remains equal.}) 20. Qe4 $16 e6 21. c3 Nf5 22. Bd2 a6 23. a4 Bg7 24. dxe6 fxe6 25. Qb4 Qc6 26. Bxf5 gxf5 27. Be3 d5 28. Bxb6 Bf8 {[%emt 0:00:28] [#]} ({Black should try} 28... a5 29. Qb5 (29. Bxa5 Reb8 $15) 29... Qxb5 30. axb5 Rab8) 29. Qb3 $1 Rab8 30. a5 Bc5 {[%emt 0:00:01] [#]} (30... Re7 {keeps fighting.} 31. Qc2 Qb5) 31. c4 $1 $18 Bxb6 32. Qg3+ ({Don't do} 32. axb6 $6 Rb7 33. cxd5 Qxb6 34. Qg3+ Rg7 $18) 32... Kh8 $2 (32... Kf8) 33. axb6 {[%emt 0:00:26] Threatens to win with Qe5+.} Rb7 $2 {[%emt 0:00:50] Black is weak on the dark squares} (33... e5 34. cxd5 Qxb6) 34. Qe5+ Rg7 35. Rxa6 {[%emt 0:01:13][%cal Ba1a6,Ba6a7,Ba7g7][%mdl 32] Black must now prevent Ra7.} dxc4 36. g3 {[%emt 0:00:03] White threatens Ra7 and mate. Active counter play!} Reg8 37. Ra7 c3 38. Rxg7 {[%emt 0:00:04] Weighted Error Value: White=0.20 (precise) /Black=0.64} 1-0

[Event "ChessKid Cup Div-I 2023"]
[Site "Online"]
[Date "2023.05.22"]
[Round "1.2"]
[White "Van Foreest, Jorden"]
[Black "Nakamura, Hikaru"]
[Result "0-1"]
[ECO "B06"]
[WhiteElo "2689"]
[BlackElo "2775"]
[Annotator "TA"]
[PlyCount "138"]
[EventDate "2023.05.21"]
[EventType "k.o."]
[EventCountry "NET"]
[SourceTitle "playchess.com"]
[Source "ChessBase"]
[SourceQuality "1"]
[TimeControl "900+3"]

1. d4 g6 2. e4 d6 3. Nc3 Bg7 4. Be3 c6 5. h3 b5 6. Bd3 {[%emt 0:00:09] B06: Modern Defence.} a6 $5 {[%emt 0:00:25][%mdl 4] Leaves trodden paths.} 7. Nf3 Nf6 {[%emt 0:00:09] [#]} 8. e5 $146 {[%emt 0:00:35] White is slightly better.} ({Predecessor:} 8. Qd2 O-O 9. Bh6 Qc7 10. e5 Nd5 11. exd6 exd6 12. Bxg7 Re8+ 13. Kf1 Kxg7 14. Nxd5 cxd5 {1-0 Gavrilov,A (2478)-Zozulia,A (2371) Eforie Nord op 3rd 2011 (10)}) 8... dxe5 9. dxe5 Nd5 10. Nxd5 Qxd5 11. Qe2 $1 Be6 12. Bd4 Qd8 13. O-O Bd5 {[%emt 0:00:10] aiming for ...Bxf3.} 14. e6 f6 (14... Bxf3 $2 15. exf7+ Kxf7 16. Qxf3+ Kg8 17. Bxg7 Kxg7 18. a4 $16) (14... O-O $16) 15. Be4 $2 ({White should try} 15. Rad1 $18) 15... Bc4 $1 $11 16. Bd3 $36 {[%emt 0:00:03][%mdl 2048] White is pushing.} (16. Qe3 $11) 16... Bd5 $1 $16 17. Bc5 {[%emt 0:00:11] Hoping for Nh4.} Qc8 (17... O-O $16 {is a better defense.}) 18. c4 $18 {[%emt 0:00:10] Black is weak on the dark squares} bxc4 19. Bxc4 O-O 20. Rac1 (20. Bxe7 $6 Re8 $16) 20... Qb7 (20... Bxc4 $142 21. Qxc4 (21. Rxc4 Re8 $16) 21... Re8) 21. b4 Bxc4 22. Qxc4 (22. Rxc4 $6 a5) 22... a5 23. Rb1 {[%emt 0:00:00] Black must now prevent bxa5.} axb4 24. Rfd1 (24. Bxb4 $6 Re8 $16) (24. Qxb4 $6 Qxb4 25. Bxb4 Re8 $11) (24. Rxb4 $142 Qa6 25. Qf4 (25. Bxe7 Qxc4 26. Rxc4 Re8 $14)) 24... Re8 $16 25. Bxb4 ({Don't play} 25. Qxb4 Qxb4 26. Bxb4 (26. Rxb4 Na6 $15) 26... Na6 $11) 25... Qa6 26. Qe4 Qxa2 27. h4 Na6 28. Qxc6 {[%emt 0:00:38][%cal Ob4e7] Strongly threatening Bxe7!} Rac8 29. Qd7 Nb8 30. Qd5 Qxd5 31. Rxd5 Na6 {[%emt 0:00:04] Threatens to win with ...Rb8.} 32. Ba3 Rc3 33. Ra5 Nc7 34. Ra7 Bf8 35. Rbb7 Rc8 {[%emt 0:00:03] [#]} 36. h5 $1 Rc4 (36... Nxe6 37. Bxe7) 37. g3 Kg7 38. Bb2 Kh6 39. hxg6 hxg6 40. Ba3 g5 41. Kg2 Kg6 42. Rb2 Rc3 43. Bb4 Rc6 44. Re2 ({Reject} 44. Nd4 Rc4 45. Ba5 Rxd4 $15) 44... Re8 45. Nd4 Rc4 46. Ba3 Rc8 47. Rd2 g4 48. Ne2 Nb5 49. Ra5 Nxa3 50. Rxa3 Bh6 {[%emt 0:00:00] Prevents Nf4+.} 51. Rb2 (51. Rd7 $11) 51... Re4 (51... R8c6 $1 $17 52. f4 gxf3+ 53. Rxf3 Rxe6 54. Nf4+ Bxf4 55. gxf4 f5) 52. Ra6 f5 53. f3 gxf3+ 54. Kxf3 Kf6 55. Ra3 Rxe6 {[%emt 0:00:09] Black is more active.} 56. Nf4 Rd6 57. Nh5+ {[%emt 0:00:06] [#]} ({Better is} 57. Re2) 57... Kg5 $1 $17 58. Nf4 {[%emt 0:00:03] [#]} e5 $1 59. Nh3+ Kf6 60. Nf2 $2 (60. Rab3 $17) 60... Bc1 $19 {[%emt 0:00:03] ( -> ...e4+)} 61. Rab3 Bxb2 {[%emt 0:00:01] Black mates.} 62. Rxb2 {[%emt 0:00:00] KRR-KRN} Rc3+ 63. Kg2 Rdc6 64. Rb8 Rc2 65. Rf8+ Kg6 66. Rg8+ Kf7 67. Ra8 e4 68. Kf1 Rb6 69. Ra1 Rb3 {[%emt 0:00:08] What a bad dream for White.   Weighted Error Value: White=0.29 (precise) /Black=0.09 (flawless)} 0-1

[Event "ChessKid Cup Div-I 2023"]
[Site "Online"]
[Date "2023.05.22"]
[Round "1.2"]
[White "Moussard, Jules"]
[Black "Abdusattorov, Nodirbek"]
[Result "1/2-1/2"]
[ECO "C15"]
[WhiteElo "2644"]
[BlackElo "2731"]
[Annotator "TA"]
[PlyCount "54"]
[EventDate "2023.05.21"]
[EventType "k.o."]
[EventCountry "NET"]
[SourceTitle "playchess.com"]
[Source "ChessBase"]
[SourceQuality "1"]
[TimeControl "900+3"]

1. e4 e6 2. d4 d5 3. Nc3 Bb4 4. Nge2 dxe4 5. a3 Bxc3+ 6. Nxc3 Nc6 7. d5 exd5 8. Qxd5 Be6 {[%emt 0:00:05] C15: French: 3 Nc3 Bb4: Unusual White 4th moves.} 9. Qxe4 Nf6 10. Qh4 Qd4 {[%emt 0:01:47] 10...Qe7 is the fancy move.} 11. Qxd4 Nxd4 {[%emt 0:00:01] The position is equal.} 12. Bd3 O-O-O 13. Bg5 Bf5 {[%emt 0:00:15] [#] Hoping for ...Bxd3.} 14. Bxf5+ Nxf5 15. O-O Nd4 16. Rac1 {[%emt 0:01:42] [#]} Rd6 $146 ({Predecessor:} 16... Rhe8 17. Rfd1 Re6 18. Kf1 Rc6 19. Rd3 h6 20. Bf4 Ne6 21. Rxd8+ Kxd8 22. Rd1+ Ke8 {0-1 Martinez Duany,L (2459)-Martinez Ramirez,L (2374) Capablanca Memorial op 50th 2015 (4)}) 17. Rfd1 Rhd8 {[%emt 0:00:13][%cal Od4e2] [#] ...Ne2+! would be deadly.} 18. Kf1 {[%emt 0:00:10] Repels Ne2} h6 19. Bf4 R6d7 20. h3 Re7 21. Rd3 c5 22. Rcd1 {[%emt 0:00:15][%cal Oc3b5] Nb5! is the strong threat.} Rdd7 23. R3d2 b6 24. Be3 Nf5 25. Bf4 Nd4 26. Be3 Nf5 27. Bf4 Nd4 {[%emt 0:00:05] An uneventful encounter.   Weighted Error Value: White=0.04 (flawless) /Black=0.04 (flawless)} 1/2-1/2

[Event "ChessKid Cup Div-I 2023"]
[Site "Online"]
[Date "2023.05.22"]
[Round "1.2"]
[White "Kollars, Dmitrij"]
[Black "Firouzja, Alireza"]
[Result "1-0"]
[ECO "C42"]
[WhiteElo "2607"]
[BlackElo "2785"]
[Annotator "TA"]
[PlyCount "85"]
[EventDate "2023.05.21"]
[EventType "k.o."]
[EventCountry "NET"]
[SourceTitle "playchess.com"]
[Source "ChessBase"]
[SourceQuality "1"]
[TimeControl "900+3"]

1. e4 e5 2. Nf3 Nf6 3. Nxe5 d6 4. Nf3 Nxe4 5. d4 d5 6. Bd3 Bd6 7. O-O O-O 8. c4 c6 9. Re1 Bf5 10. Ng5 {[%emt 0:00:09][%cal Rd3e4] C42: Petroff Defence: 3 Nxe5 and unusual White 3rd moves.} Re8 11. Bxe4 dxe4 12. Nc3 {[%emt 0:00:01][%cal Rg5e4] The position is equal.} (12. Qh5 Bg6 13. Qd1 h6 $17) 12... Nd7 13. Ngxe4 (13. Qh5 Bg6 14. Qd1 Nf6 $17) (13. c5 $5 Bc7 14. Qb3 $14 (14. Ngxe4 Bxh2+ 15. Kxh2 Bxe4 $11)) 13... Bxe4 14. Nxe4 Bxh2+ {[%emt 0:00:03][%mdl 64] [#] Decoy} 15. Kxh2 (15. Kf1 {seems wilder.} Qa5 16. b3 Qf5 17. g4) 15... Qh4+ 16. Kg1 Rxe4 {[%emt 0:00:01] [#]} 17. Be3 $146 (17. Rxe4 {simplifies} Qxe4 18. Be3 Re8 19. Qd2) ({Predecessor:} 17. Rxe4 Qxe4 18. Be3 Re8 19. b3 f5 20. Qd2 Nf6 21. Rf1 b6 22. a4 h6 23. Bf4 {½-½ Cortigiani,M (2242)-Tozzi,T (2043) ITA SC34 email 2020}) 17... Rae8 18. Qb3 Nf6 {[%emt 0:02:18] ...Ng4 is the strong threat.} 19. f3 {[%emt 0:00:59] Prevents Ng4} (19. g3 $2 Qh5 20. Kg2 Ng4 $19) 19... R4e7 {[%emt 0:00:05] aiming for ...Nh5.} 20. Qc3 Nh5 {[%emt 0:00:11] And now ...Nf4 would win.} 21. Bf2 (21. d5 $11) 21... Qg5 $1 $15 {[%emt 0:00:04] Hoping for ...Nf4.} 22. Rxe7 Rxe7 23. Kf1 $2 {[%emt 0:00:06] [#]} ({White should play} 23. Qc2 $1 $15) 23... Nf4 $1 $19 24. g3 Ne2 ({Better is} 24... Qh5 $19 {( -> ...Qh1+)} 25. gxf4 Qh1+ 26. Bg1 Re6) 25. Qa3 $11 Re6 $132 {[%emt 0:01:13][%mdl 2048] Black is not keeping still} (25... Nxg3+ $2 26. Bxg3 Re6 27. Qxa7 $18) 26. d5 $1 cxd5 27. Qc5 $1 {[%emt 0:00:20] Qc8+ would kill now.} Re8 {[%emt 0:02:59] Wards off Qc8. White now steadily converts the win.} (27... Nxg3+ 28. Bxg3 h5 29. cxd5 $16 (29. Qxd5 $2 Qxg3 30. Qxh5 Re3 $19)) (27... h6 $11 {remains equal.} 28. cxd5 Re5) 28. Re1 $16 Qf5 $2 (28... Qh6 $16 29. Kg2 Qd2) 29. Rxe2 $18 Qd3 30. Be3 dxc4 31. Kf2 (31. Qxa7 Qd1+ 32. Kf2 Qh1 33. Qxb7 Qh2+ 34. Ke1 Qh1+ 35. Kd2 Qb1) 31... h6 32. Qd4 (32. Qxa7 Qd7 33. Bd4 Rd8) 32... Qb1 33. Qxc4 Qh1 34. Qh4 {[%emt 0:00:02] Prevents Qh2+} (34. Bxa7 Qh2+ 35. Kf1 Qh1+ 36. Bg1 Qxf3+ 37. Rf2 Qh5 $18) 34... Qd1 35. Rd2 (35. Qc4 Qh1 36. Qh4 Qxh4 37. gxh4 b6 $18) 35... Qb1 36. a3 (36. Bxa7 $2 {too greedy.} Qe1+ 37. Kg2 Qxd2+ 38. Bf2 Re2 $19) 36... b5 37. Re2 (37. Bxa7 $2 {is the wrong capture.} Qe1+ 38. Kg2 Qxd2+ 39. Bf2 Re2 $19) ({Weaker is} 37. Rd8 Qxb2+ 38. Kf1 Qb1+ 39. Kg2 Qb2+ 40. Bf2 Rxd8 41. Qxd8+ Kh7 $18) 37... Qd1 38. Qh3 {[%emt 0:00:15] Rd2 would be deadly.} Re5 (38... Qd3 $142 39. Qf1 a6) 39. Qf1 Qd5 40. Bxa7 {[%emt 0:00:15] White is clearly winning.} Rh5 41. Kg1 f5 (41... Kh7 $142 42. Be3 Qd3) 42. Be3 Kh7 43. Rh2 {[%emt 0:00:10] Weighted Error Value: White=0.19 (very precise) /Black=0.45} 1-0

[Event "ChessKid Cup Div-I 2023"]
[Site "Online"]
[Date "2023.05.22"]
[Round "1.2"]
[White "Shimanov, Aleksandr"]
[Black "Caruana, Fabiano"]
[Result "1/2-1/2"]
[ECO "A14"]
[WhiteElo "2581"]
[BlackElo "2764"]
[Annotator "TA"]
[PlyCount "45"]
[EventDate "2023.05.21"]
[EventType "k.o."]
[EventCountry "NET"]
[SourceTitle "playchess.com"]
[Source "ChessBase"]
[SourceQuality "1"]
[TimeControl "900+3"]

1. Nf3 Nf6 2. c4 e6 3. g3 d5 4. Bg2 Be7 5. O-O O-O 6. b3 c5 7. cxd5 Nxd5 8. Bb2 Nc6 9. d4 cxd4 10. Nxd4 Nxd4 11. Qxd4 Bf6 {[%emt 0:00:01] A14: English Opening: 1...e6 with b3 by White.} 12. Qd2 Nf4 {[%emt 0:00:02] The modern move.} 13. gxf4 Qxd2 {[%emt 0:00:02][%mdl 64] [#] Remove Defender. White has an edge.} 14. Nxd2 Bxb2 15. Rad1 {[%emt 0:00:02][%cal Ba1d1,Bd1d2,Bd2d7][%mdl 32] The position is equal.} Rb8 16. Nc4 Bf6 {[%emt 0:00:03] Black is weak on the light squares} 17. Rd2 b6 18. Rc1 Ba6 19. Rd7 Bxc4 20. Rxc4 a5 {[%emt 0:00:01] [#]} 21. Rcc7 $146 ({Predecessor:} 21. Ra7 Rbc8 22. Bc6 Rfd8 23. e3 Rd6 24. Bd7 Rd8 25. Rcc7 Rd2 26. Bb5 Rxa2 27. Rxf7 {½-½ Pastar,S (2401)-Stojanovic,A (2262) EU-ch 23rd Vrnjacka Banja 2023 (9)}) 21... Rbd8 22. Be4 g6 23. Kg2 {[%emt 0:00:55] A rather calm draw.   Weighted Error Value: White=0.03 (flawless) /Black=0.01 (flawless)} 1/2-1/2